AAA
FLUSHING CHIEFS @ FLAGSTAFF FLYERS
04/12/2060
 
TOP OF THE 1ST
Flushing Chiefs batting - Pitching for Bakersfield Cannons : RHP Noah Butler
Pitching: RHP Noah Butler
Batting: RHB Venric Udaka 0-0: Fly out, F7 (Line Drive, 7, EV 83.8 MPH)
Batting: RHB Edward Clinton 0-0: Ball
1-0: Swinging Strike
1-1: Foul Ball, location: 2F
1-2: Ball
2-2: Ground out 5-3 (Groundball, 5S, EV 83.1 MPH)
Batting: RHB Adrien Mondragon 0-0: Foul Ball, location: 2F
0-1: Fly out, F8 (Flyball, 89M, EV 90.0 MPH)
Top of the 1st over - 0 runs, 0 hits, 0 errors, 0 left on base; Flushing 0 - Bakersfield 0
BOTTOM OF THE 1ST
Bakersfield Cannons batting - Pitching for Flushing Chiefs : RHP Asher Walker
Pitching: RHP Asher Walker
Batting: RHB Dante Nunn 0-0: Ball
1-0: Ball
2-0: Called Strike
2-1: DOUBLE (Flyball, 89D, EV 87.5 MPH)
Batting: LHB Keon Kakazai 0-0: Fly out, F8 (Flyball, 8RD, EV 88.8 MPH)
Batting: RHB Spencer Stephens 0-0: Ground out 6-3 (Groundball, 6, EV 93.8 MPH)
Dante Nunn to third
Batting: RHB Adrian Gramling 0-0: Called Strike
0-1: Ball
1-1: Foul Ball, location: 2F
1-2: Strikes out swinging
Bottom of the 1st over - 0 runs, 1 hit, 0 errors, 1 left on base; Flushing 0 - Bakersfield 0
TOP OF THE 2ND
Flushing Chiefs batting - Pitching for Bakersfield Cannons : RHP Noah Butler
Batting: RHB Isaac Bonner 0-0: Ball
1-0: Swinging Strike
1-1: Ball
2-1: Foul Ball, location: 2F
2-2: Ball
3-2: Strikes out swinging
Batting: RHB Cody Turner 0-0: Ball
1-0: SINGLE (Groundball, 6MD, EV 96.2 MPH)
Batting: RHB Stanton Wamugunda 0-0: Fly out, F6 (Line Drive, 6, EV 64.4 MPH)
Batting: RHB Jahmel Ortiz 0-0: Ball
1-0: Ball
2-0: Called Strike
2-1: SINGLE (Line Drive, 34, EV 99.4 MPH)
Cody Turner to second
Runner from 2nd tries for 3rd, OUT! 9-5
Top of the 2nd over - 0 runs, 2 hits, 0 errors, 1 left on base; Flushing 0 - Bakersfield 0
BOTTOM OF THE 2ND
Bakersfield Cannons batting - Pitching for Flushing Chiefs : RHP Asher Walker
Batting: RHB Kaileb Romero 0-0: SINGLE (Flyball, 89S, EV 87.5 MPH)
Batting: RHB Al Wagner 0-0: Foul Ball, location: 2F
0-1: 2-RUN HOME RUN (Flyball, 78XD, EV 113.8 MPH), Distance : 431 ft
Batting: RHB Adan Natoli 0-0: Called Strike
0-1: SINGLE (Line Drive, 3D, EV 95.0 MPH)
Batting: RHB Elroy Saenz 0-0: Ball
1-0: Ball
2-0: Ball
3-0: Base on Balls
Adan Natoli to second
Batting: RHB Dax Andersen 0-0: Called Strike
0-1: Foul Ball, location: 2F
0-2: Strikes out swinging
Batting: RHB Dante Nunn 0-0: Foul Ball, location: 2F
0-1: Foul Ball, location: 2F
0-2: Ball
1-2: Fielders Choice at 2nd, 5-4 (Groundball, 56, EV 85.0 MPH)
Adan Natoli to third
Batting: LHB Keon Kakazai 0-0: Called Strike
0-1: Fly out, F8 (Line Drive, 8LD, EV 94.4 MPH)
Bottom of the 2nd over - 2 runs, 3 hits, 0 errors, 2 left on base; Flushing 0 - Bakersfield 2
TOP OF THE 3RD
Flushing Chiefs batting - Pitching for Bakersfield Cannons : RHP Noah Butler
Batting: RHB Abel Kazaz 0-0: Ball
1-0: Fly out, F9 (Flyball, 9, EV 88.1 MPH)
Batting: RHB Vance Thompson 0-0: Ball
1-0: Called Strike
1-1: SINGLE (Groundball, 4MD, EV 103.1 MPH)
Batting: RHB Venric Udaka 0-0: Foul Ball, location: 2F
0-1: Called Strike
0-2: Strikes out looking
Batting: RHB Edward Clinton 0-0: Swinging Strike
Vance Thompson is caught stealing 2nd base 2-4
Top of the 3rd over - 0 runs, 1 hit, 0 errors, 0 left on base; Flushing 0 - Bakersfield 2
BOTTOM OF THE 3RD
Bakersfield Cannons batting - Pitching for Flushing Chiefs : RHP Asher Walker
Batting: RHB Spencer Stephens 0-0: Swinging Strike
0-1: Ball
1-1: Foul Ball, location: 2F
1-2: Ball
2-2: Ball
3-2: Foul Ball, location: 2F
3-2: Strikes out swinging
Batting: RHB Adrian Gramling 0-0: Called Strike
0-1: Called Strike
0-2: Foul Ball, location: 2F
0-2: Fly out, F7 (Flyball, 7, EV 84.4 MPH)
Batting: RHB Kaileb Romero 0-0: Ball
1-0: Ball
2-0: Ball
3-0: Called Strike
3-1: Foul Ball, location: 2F
3-2: SINGLE (Flyball, 8RS, EV 87.5 MPH)
Batting: RHB Al Wagner 0-0: Called Strike
0-1: Swinging Strike
0-2: Ball
1-2: Foul Ball, location: 2F
1-2: Foul Ball, location: 2F
1-2: Strikes out swinging
Bottom of the 3rd over - 0 runs, 1 hit, 0 errors, 1 left on base; Flushing 0 - Bakersfield 2
TOP OF THE 4TH
Flushing Chiefs batting - Pitching for Bakersfield Cannons : RHP Noah Butler
Batting: RHB Edward Clinton 0-0: Fly out, F8 (Flyball, 8RM, EV 75.0 MPH)
Batting: RHB Adrien Mondragon 0-0: Fly out, F4 (Popup, 34D, EV 50.0 MPH)
Batting: RHB Isaac Bonner 0-0: Called Strike
0-1: Ball
1-1: Ground out 6-3 (Groundball, 6, EV 91.9 MPH)
Top of the 4th over - 0 runs, 0 hits, 0 errors, 0 left on base; Flushing 0 - Bakersfield 2
BOTTOM OF THE 4TH
Bakersfield Cannons batting - Pitching for Flushing Chiefs : RHP Asher Walker
Batting: RHB Adan Natoli 0-0: Ball
1-0: Foul Ball, location: 2F
1-1: Ball
2-1: Swinging Strike
2-2: Strikes out swinging
Batting: RHB Elroy Saenz 0-0: Ball
1-0: Ball
2-0: Ground out 6-3 (Groundball, 6, EV 90.6 MPH)
Batting: RHB Dax Andersen 0-0: Swinging Strike
0-1: Called Strike
0-2: SINGLE (Flyball, 8RS, EV 88.8 MPH)
Batting: RHB Dante Nunn 0-0: Ball
Dax Andersen is caught stealing 2nd base 2-4
Bottom of the 4th over - 0 runs, 1 hit, 0 errors, 0 left on base; Flushing 0 - Bakersfield 2
TOP OF THE 5TH
Flushing Chiefs batting - Pitching for Bakersfield Cannons : RHP Noah Butler
Batting: RHB Cody Turner 0-0: Ground out 5-3 (Groundball, 56, EV 105.0 MPH)
Batting: RHB Stanton Wamugunda 0-0: Called Strike
0-1: Called Strike
0-2: Ball
1-2: SINGLE (Groundball, 5S, EV 68.8 MPH) (infield hit)
Pitching: RHP Ray Blankenship
Batting: RHB Jahmel Ortiz 0-0: Ball
1-0: Ball
2-0: Ball
3-0: Called Strike
3-1: Foul Ball, location: 2F
3-2: Foul Ball, location: 2F
3-2: Fly out, F8 (Flyball, 8RD, EV 83.1 MPH)
Batting: RHB Abel Kazaz 0-0: Called Strike
0-1: SINGLE (Groundball, 4MD, EV 102.5 MPH) (infield hit)
Stanton Wamugunda to second
Batting: RHB Vance Thompson 0-0: Called Strike
0-1: Ball
1-1: Foul Ball, location: 2F
1-2: Foul Ball, location: 2F
1-2: Strikes out looking
Top of the 5th over - 0 runs, 2 hits, 0 errors, 2 left on base; Flushing 0 - Bakersfield 2
BOTTOM OF THE 5TH
Bakersfield Cannons batting - Pitching for Flushing Chiefs : RHP Asher Walker
Batting: RHB Dante Nunn 0-0: Foul Ball, location: 2F
0-1: Foul Ball, location: 2F
0-2: Ball
1-2: Ball
2-2: Foul Ball, location: 2F
2-2: Ball
3-2: DOUBLE (Line Drive, 7LM, EV 105.0 MPH)
Batting: LHB Keon Kakazai 0-0: Called Strike
0-1: Bunted foul
0-2: Hit by Pitch
Batting: RHB Spencer Stephens 0-0: Foul Ball, location: 2F
0-1: SINGLE (Groundball, 56D, EV 103.8 MPH)
Dante Nunn to third
Keon Kakazai to second
Runner from 3rd tries for Home, throw by LF and OUT! 7-2
Keon Kakazai to third
Spencer Stephens to second
Batting: RHB Adrian Gramling 0-0: Called Strike
0-1: Ball
1-1: 3-RUN HOME RUN (Flyball, 7D, EV 96.9 MPH), Distance : 391 ft
Pitching: RHP Joel McCarthy
Batting: RHB Kaileb Romero 0-0: Called Strike
0-1: Ball
1-1: Called Strike
1-2: Strikes out looking
Batting: RHB Al Wagner 0-0: Ball
1-0: Foul Ball, location: 2F
1-1: Ball
2-1: Foul Ball, location: 2F
2-2: Strikes out looking
Bottom of the 5th over - 3 runs, 3 hits, 0 errors, 0 left on base; Flushing 0 - Bakersfield 5
TOP OF THE 6TH
Flushing Chiefs batting - Pitching for Bakersfield Cannons : RHP Ray Blankenship
Batting: RHB Venric Udaka 0-0: Ball
1-0: SINGLE (Groundball, 6MD, EV 106.2 MPH)
Batting: RHB Edward Clinton 0-0: Foul Ball, location: 2F
Pickoff Throw to First - Out! 1-3
0-1: Ball
1-1: Foul Ball, location: 2F
1-2: Foul Ball, location: 2F
1-2: Foul Ball, location: 2F
1-2: Ball
2-2: Strikes out looking
Batting: RHB Adrien Mondragon 0-0: Ball
1-0: Swinging Strike
1-1: Ball
2-1: Foul Ball, location: 2F
2-2: Strikes out swinging
Top of the 6th over - 0 runs, 1 hit, 0 errors, 0 left on base; Flushing 0 - Bakersfield 5
BOTTOM OF THE 6TH
Bakersfield Cannons batting - Pitching for Flushing Chiefs : RHP Joel McCarthy
Batting: RHB Adan Natoli 0-0: Called Strike
0-1: Fly out, F5 (Line Drive, 56, EV 65.6 MPH)
Batting: RHB Elroy Saenz 0-0: Ball
1-0: Called Strike
1-1: Ball
2-1: Foul Ball, location: 2F
2-2: Strikes out swinging
Batting: RHB Dax Andersen 0-0: Ball
1-0: Called Strike
1-1: Foul Ball, location: 2F
1-2: Foul Ball, location: 2F
1-2: Strikes out swinging
Bottom of the 6th over - 0 runs, 0 hits, 0 errors, 0 left on base; Flushing 0 - Bakersfield 5
TOP OF THE 7TH
Flushing Chiefs batting - Pitching for Bakersfield Cannons : RHP Ray Blankenship
Batting: RHB Isaac Bonner 0-0: Called Strike
0-1: Swinging Strike
0-2: Ball
1-2: Ball
2-2: Strikes out swinging
Batting: RHB Cody Turner 0-0: Called Strike
0-1: SINGLE (Groundball, 25, EV 65.6 MPH) (infield hit)
Batting: RHB Stanton Wamugunda 0-0: Called Strike
0-1: Ball
1-1: Swinging Strike
1-2: Ball
2-2: Strikes out looking
Batting: RHB Jahmel Ortiz 0-0: Ball
1-0: Ball
2-0: Ball
3-0: Base on Balls
Cody Turner to second
Batting: RHB Abel Kazaz 0-0: Ball
1-0: Ball
2-0: Called Strike
2-1: Foul Ball, location: 2F
2-2: Foul Ball, location: 2F
2-2: DOUBLE (Line Drive, 78D, EV 105.6 MPH)
Cody Turner scores
Jahmel Ortiz to third
Runner from 3rd tries for Home, SAFE, throw by LF to home
Pitching: RHP Dionte Claridy
Batting: RHB Vance Thompson 0-0: Swinging Strike
0-1: Foul Ball, location: 2F
0-2: Foul Ball, location: 2F
0-2: Strikes out swinging
Top of the 7th over - 2 runs, 2 hits, 0 errors, 1 left on base; Flushing 2 - Bakersfield 5
BOTTOM OF THE 7TH
Bakersfield Cannons batting - Pitching for Flushing Chiefs : RHP Joel McCarthy
Batting: RHB Dante Nunn 0-0: Foul Ball, location: 2F
0-1: Called Strike
0-2: Foul Ball, location: 2F
0-2: Strikes out swinging
Batting: LHB Keon Kakazai 0-0: Ball
1-0: Called Strike
1-1: Ball
2-1: Foul Ball, location: 2F
2-2: Ground out 4-3 (Groundball, 34D, EV 104.4 MPH)
Batting: RHB Spencer Stephens 0-0: Ball
1-0: Swinging Strike
1-1: Ball
2-1: Swinging Strike
2-2: Ball
3-2: Strikes out swinging
Bottom of the 7th over - 0 runs, 0 hits, 0 errors, 0 left on base; Flushing 2 - Bakersfield 5
TOP OF THE 8TH
Flushing Chiefs batting - Pitching for Bakersfield Cannons : RHP Dionte Claridy
Batting: RHB Venric Udaka 0-0: Swinging Strike
0-1: Swinging Strike
0-2: DOUBLE (Groundball, 5L, EV 106.9 MPH)
Batting: RHB Edward Clinton 0-0: Fly out, F6 (Line Drive, 6, EV 70.6 MPH)
Lined into DP, 6-4 (Line Drive, 6, EV 70.6 MPH)
Batting: RHB Adrien Mondragon 0-0: Called Strike
0-1: SINGLE (Groundball, 56D, EV 106.9 MPH)
Batting: RHB Isaac Bonner 0-0: Foul Ball, location: 2F
0-1: Fielders Choice at 2nd, 6-4 (Groundball, 56, EV 83.1 MPH)
Top of the 8th over - 0 runs, 2 hits, 0 errors, 1 left on base; Flushing 2 - Bakersfield 5
BOTTOM OF THE 8TH
Bakersfield Cannons batting - Pitching for Flushing Chiefs : RHP Joel McCarthy
Pitching: RHP Steven Frack
Batting: RHB Adrian Gramling 0-0: Ball
1-0: Called Strike
1-1: Called Strike
1-2: Ball
2-2: Strikes out swinging
Batting: RHB Kaileb Romero 0-0: Called Strike
0-1: Ball
1-1: Foul Ball, location: 2F
1-2: Foul Ball, location: 2F
1-2: Foul Ball, location: 2F
1-2: Ball
2-2: SINGLE (Groundball, 4MD, EV 97.5 MPH)
Batting: RHB Al Wagner 0-0: Fly out, F7 (Flyball, BS1, EV 113.8 MPH)
Batting: RHB Adan Natoli 0-0: Called Strike
0-1: Ball
1-1: Ball
2-1: Called Strike
2-2: Foul Ball, location: 2F
2-2: Foul Ball, location: 2F
2-2: Ball
3-2: DOUBLE (Flyball, 78XD, EV 100.6 MPH)
Kaileb Romero to third
Kaileb Romero scores
Batting: RHB Elroy Saenz 0-0: Swinging Strike
0-1: Foul Ball, location: 2F
0-2: Foul Ball, location: 2F
0-2: Foul Ball, location: 2F
0-2: Foul Ball, location: 2F
0-2: Ball
1-2: Ball
2-2: Strikes out looking
Bottom of the 8th over - 1 run, 2 hits, 0 errors, 1 left on base; Flushing 2 - Bakersfield 6
TOP OF THE 9TH
Flushing Chiefs batting - Pitching for Bakersfield Cannons : RHP Dionte Claridy
Batting: RHB Cody Turner 0-0: Called Strike
0-1: Swinging Strike
0-2: Ball
1-2: Foul Ball, location: 2F
1-2: Ground out 6-3 (Groundball, 15, EV 93.8 MPH)
Batting: RHB Stanton Wamugunda 0-0: Called Strike
0-1: Called Strike
0-2: Strikes out swinging
Batting: RHB Jahmel Ortiz 0-0: Ball
1-0: Ball
2-0: Called Strike
2-1: Foul Ball, location: 2F
2-2: Foul Ball, location: 2F
2-2: Strikes out swinging, 2-3 out at first.
Top of the 9th over - 0 runs, 0 hits, 0 errors, 0 left on base; Flushing 2 - Bakersfield 6
Saturday, April 27th , 2024 - OOTP Baseball 23.10 Build 110